 Dungeon Crawl Stone Soup version 0.24.0-1-gfbc8707122 (webtiles) character file.

Game seed: 11522835520187673706, levelgen mode: deterministic

106 Mrkan the Chopper (level 4, 0/41 HPs)
             Began as a Hill Orc Monk on Oct 28, 2019.
             Was a Believer of Yredelemnul.
             Slain by an orc
             ... wielding a +0 flail
              (2 damage)
             ... on level 3 of the Dungeon.
             The game lasted 00:03:56 (2130 turns).

Mrkan the Chopper (Hill Orc Monk)                   Turns: 2130, Time: 00:03:57

Health: 0/41       AC:  9    Str: 13 (14) XL:     4   Next: 84%
Magic:  4/4        EV:  6    Int:  8 (10) God:    Yredelemnul [**....]
Gold:   96         SH:  0    Dex: 10 (13) Spells: 3/3 levels left

rFire    . . .     SeeInvis .   a - +0 hand axe
rCold    . . .     Gourm    .   (no shield)
rNeg     . . .     Faith    .   e - +0 chain mail
rPois    .         Spirit   .   s - +0 helmet
rElec    .         Reflect  .   (no cloak)
rCorr    .         Harm     .   (no gloves)
MR       .....                  (no boots)
Stlth    ..........             (no amulet)
HPRegen  0.13/turn              (no ring)
MPRegen  0.09/turn              (no ring)

@: no status effects
A: no striking features
a: Animate Remains, Recall Undead Slaves, Injury Mirror, Renounce Religion,
Convert to Beogh


You were on level 3 of the Dungeon.
You worshipped Yredelemnul.
Yredelemnul was pleased with you.
You were not hungry.

You visited 1 branch of the dungeon, and saw 3 of its levels.

You collected 96 gold pieces.

Inventory:

Hand Weapons
 a - a +0 hand axe (weapon)
Armour
 b - a +0 robe
 e - a +0 chain mail (worn)
 s - a +0 helmet (worn)
Jewellery
 f - a +3 ring of intelligence {unknown}
 k - an uncursed ring of ice {unknown}
 p - a cursed ring of teleportation {unknown}
Scrolls
 i - 2 scrolls of fog {unknown}
 m - a scroll of identify {unknown}
 n - 2 scrolls of remove curse {unknown}
 o - a scroll of teleportation {unknown}
Potions
 d - 3 potions of curing
 h - a potion of berserk rage {unknown}
 j - a potion of flight {unknown}
 l - a potion of ambrosia {unknown}
 r - a potion of haste {unknown}
Comestibles
 c - 4 rations


   Skills:
 + Level 4.4 Fighting
 * Level 5.5 Axes
 + Level 1.5 Armour
 - Level 2.7 Dodging
 - Level 1.5 Stealth
 + Level 1.2 Invocations


You had 3 spell levels left.
You didn't know any spells.
Your spell library was empty.

Dungeon Overview and Level Annotations

Branches:
Dungeon (3/15)

Altars:
Yredelemnul


Message History

You hit the orc priest.
The orc priest is lightly wounded.
You hit the orc but do no damage. You closely miss the orc wizard.
You hit the bat.
You kill the bat!
Yredelemnul accepts your kill.
You miss something.
The orc priest shouts, "Beogh is our master!
Accept the truth or die!"
The orc wizard hits you but does no damage.
A hobgoblin comes into view. It is wielding a +0 club.
Something hits you but does no damage.
You barely miss the orc. You hit the orc but do no damage.
You barely miss the orc wizard. You completely miss the orc priest.
You hit something but do no damage.
The orc wizard hits you but does no damage.
The orc hits you from afar with a +0 trident.
* * * LOW HITPOINT WARNING * * *
The orc hits you with a +0 flail.
You die...
Your body rises from the dead as a mindless zombie.

.....#............
.....#............ .
....#.....# #.... .o
#.......# #.... ...####
#.......# #....
.......##.......####....
.......†................
...g...o..............K(
...###.@ooK..........#o.
#.oooo.#####....#..
#............#.....
..............#.....
...............#.....
......#.........#.....
......#......####....%
.......#...... ####.


You could see 2 orc priests, an orc wizard, 5 orcs, a hobgoblin and a kobold.

Vanquished Creatures
  2 adders (D:2)
  An ooze (D:1)
  3 worms (D:2)
  3 leopard geckos
  2 ball pythons (D:2)
  3 giant cockroaches
  8 goblins
  3 hobgoblins
  6 jackals (D:2)
  8 kobolds
  3 quokkas (D:2)
  13 bats
  4 frilled lizards
  7 rats
66 creatures vanquished.

Vanquished Creatures (others)
  A leopard gecko (D:3)
  An orc (D:3)
2 creatures vanquished.

Grand Total: 68 creatures vanquished

Notes
Turn   | Place    | Note
-------+----------+-------------------------------------------
     0 | D:1      | Mrkan the Hill Orc Monk began the quest for the Orb.
     0 | D:1      | Reached XP level 1. HP: 19/19 MP: 1/1
   308 | D:1      | Reached XP level 2. HP: 27/27 MP: 2/2
   621 | D:1      | Reached XP level 3. HP: 28/33 MP: 3/3
  1041 | D:2      | Reached skill level 5 in Axes
  1041 | D:2      | Reached skill level 1 in Armour
  1242 | D:2      | Found a basalt altar of Yredelemnul.
  1255 | D:2      | Became a worshipper of Yredelemnul the Dark
  1255 | D:2      | Reached * piety under Yredelemnul
  1255 | D:2      | Reached ** piety under Yredelemnul
  1312 | D:2      | Reached XP level 4. HP: 38/40 MP: 4/4
  1400 | D:2      | Found a faded altar of an unknown god.
  1695 | D:2      | Reached skill level 1 in Invocations
  2120 | D:3      | HP: 2/41 [leopard gecko (3)]
  2130 | D:3      | HP: 2/41 [orc/+0 trident (2)]
  2130 | D:3      | Slain by an orc

Levels and vault maps discovered:
D:1:      dpeg_chamrin_arrival_tetris, layout_loops_ring, minmay_strange_pillars
D:2:      layout_basic, nicolae_overflow_crystal_walls, first_ration,
          chequers_ecumenical_altar_simple_redux, minmay_indecisive_spiral
D:3:      layout_basic, cheibrodos_ashenzari_chains

Skill      XL: |  1  2  3  4 |
---------------+-------------+-----
Fighting       | 4 |  4.4
Axes           | 5 |  5.5
Armour         | 1 |  1.5
Invocations    | 1 |  1.2
Dodging        | |  2.7
Stealth        | |  1.5

Action                   |  1- 3 |  4- 6 || total
-------------------------+-------+-------++-------
Melee: Hand axe          |    98 |   116 ||   214
  Use: Potion            |       |     2 ||     2
  Eat: Chunk             |     1 |     3 ||     4
Armor: Robe              |    10 |       ||    10
       Chain mail        |    63 |   111 ||   174
Dodge: Dodged            |    82 |    58 ||   140
